 Dungeon Crawl Stone Soup version 0.29.0-4-gdea44cf6ec (webtiles) character file.

Game seed: 8330219721291748476

456 112233 the Digger (level 7, 0/41 HPs)
             Began as an Octopode Earth Elementalist on Aug 26, 2022.
             Slain by an orc
             ... wielding a +0 flail
              (10 damage)
             ... on level 4 of the Dungeon.
             The game lasted 00:04:04 (4374 turns).

112233 the Digger (Octopode Earth Elementalist)     Turns: 4374, Time: 00:04:05

Health: 0/41       AC:  1    Str:  8    XL:     7   Next: 6%
Magic:  10/14      EV: 13    Int: 19    God:
Gold:   130        SH:  0    Dex: 12    Spells: 3/15 levels left

rFire   . . .      SeeInvis .   j - staff of conjuration
rCold   . . .      Faith    .   (no shield)
rNeg    . . .      Spirit   .   (helmet restricted)
rPois   .          Reflect  .   (no amulet)
rElec   .          Harm     .   f - ring of wizardry
rCorr   .          Rampage  .   (no ring)
Will    .....                   (no ring)
Stlth   +++.......              (no ring)
HPRegen 0.13/turn               (no ring)
MPRegen 0.14/turn               (no ring)
                                (no ring)
                                (no ring)

@: no status effects
A: almost no armour, amphibious, 8 rings, camouflage 1, gelatinous body 1,
(nimble swimmer 1), tentacles
a: no special abilities


You were on level 4 of the Dungeon.
You visited 1 branch of the dungeon, and saw 5 of its levels.

You collected 170 gold pieces.
You spent 40 gold pieces at shops.

Inventory:

Hand Weapons
 b - a +0 war axe
 q - a +1 dagger of venom
Missiles
 t - a throwing net
Magical Staves
 j - a staff of conjuration (weapon)
Jewellery
 f - a ring of wizardry (left tentacle)
Wands
 m - a wand of quicksilver (7)
Scrolls
 d - 2 scrolls of identify {unknown}
 e - 3 scrolls of fog
 i - 5 scrolls of teleportation {unknown}
 k - 2 scrolls of noise {unknown}
 l - a scroll of torment {unknown}
 p - a scroll of summoning {unknown}
 r - a scroll of enchant weapon {unknown}
 u - a scroll of vulnerability {unknown}
Potions
 a - a potion of magic
 c - 2 potions of curing {unknown}
 g - 2 potions of berserk rage {unknown}
 h - a potion of resistance {unknown}
 n - a potion of flight {unknown}
 o - a potion of degeneration {unknown}
 s - 2 potions of brilliance {unknown}


   Skills:
 - Level 2.0 Dodging
 - Level 2.6 Stealth
 * Level 4.6 Spellcasting
 - Level 1.0 Transmutations
 * Level 6.1 Earth Magic


You had 3 spell levels left.
You knew the following spells:

 Your Spells              Type           Power      Damage    Failure   Level
a - Sandblast             Erth           54%        2d13      1%          1
b - Stone Arrow           Conj/Erth      48%        3d10      4%          3
c - Passwall              Tmut/Erth      15%        N/A       1%          2
d - Apportation           Tloc           8%         N/A       5%          1
e - Lee's Rapid Deconstr  Erth           13%        3d10*     12%         5

Your spell library contained the following spells:

 Spells                   Type           Power      Damage    Failure   Level
 Freeze                   Ice            16%        1d4       5%          1
 Necrotise                Necr           16%        1d4       5%          1
 Slow                     Hex            16%        N/A       5%          1
 Summon Small Mammal      Summ           16%        N/A       5%          1
 Confusing Touch          Hex            4%         N/A       16%         3
 Frozen Ramparts          Ice            8%         1d2       16%         3
 Vampiric Draining        Necr           4%         2d6       16%         3
 Petrify                  Tmut/Erth      18%        N/A       12%         4
 Fulminant Prism          Conj/Hex       3%         3d6       43%         4
 Hailstorm                Conj/Ice       6%         3d4       43%         4
 Iskenderun's Mystic Bla  Conj/Tloc      6%         2d4       43%         4


Dungeon Overview and Level Annotations

Branches:
Dungeon (5/15)
 Temple: D:4-7

Altars:

Shops:
D:2 *


Innate Abilities, Weirdness & Mutations

You cannot wear most types of armour.
You are amphibious.
You can wear up to eight rings at the same time.
Your skin changes colour to match your surroundings (Stealth+).
Your rubbery body absorbs attacks. (AC +1, EV +1)
((You are camouflaged when in or above water. (Stealth+)))
You have tentacles for arms and can constrict up to eight enemies at once.


Message History

You climb upwards.
There is a stone staircase leading down, spattered with blood here.
Unknown command.
Casting: Sandblast (safe; 1% risk of failure)
Confirm with . or Enter, or press ? or * to list all spells.
Aiming: Sandblast (safe; 1% risk of failure)
Press: ? - help, Shift-Dir - straight line, f - iguana
Aim: an iguana (85% to hit)
The blast of sand hits the iguana.
The iguana is moderately wounded.
The iguana barely misses you. The orc closely misses you.
Unknown command.
Casting: Sandblast (safe; 1% risk of failure)
Confirm with . or Enter, or press ? or * to list all spells.
Aiming: Sandblast (safe; 1% risk of failure)
Press: ? - help, Shift-Dir - straight line, f/p - iguana
Aim: an iguana (moderately wounded, 85% to hit)
The blast of sand hits the iguana but does no damage.
The iguana is moderately wounded.
The iguana closely misses you. The orc closely misses you.
The iguana bites you! The orc hits you with a +0 flail.
Casting: Sandblast (safe; 1% risk of failure)
Confirm with . or Enter, or press ? or * to list all spells.
Aiming: Sandblast (safe; 1% risk of failure)
Press: ? - help, Shift-Dir - straight line, f/p - iguana
Aim: an iguana (moderately wounded, 85% to hit)
The blast of sand hits the iguana!
The iguana is almost dead.
The iguana barely misses you. The orc hits you with a +0 flail.
Unknown command.
Casting: Sandblast (safe; 1% risk of failure)
Confirm with . or Enter, or press ? or * to list all spells.
Aiming: Sandblast (safe; 1% risk of failure)
Press: ? - help, Shift-Dir - straight line, f/p - iguana
Aim: an iguana (almost dead, 85% to hit)
The blast of sand misses the iguana.
The iguana bites you!
* * * LOW HITPOINT WARNING * * *
The orc closely misses you. The iguana misses you.
The orc hits you with a +0 flail!
You die...

.#.#
###(................#.##
...#
#.....#####............#
...# #<#...#
#.##.####.#..##### ...#
#.#.<.# #.##.#
#.#....... ...# #.#[..#
#.##.# #.#.######
...###.#...#
#.##.####.#.######
....#......#
#.##....#.#>....##
.##........#
###o#####.#.#####...
.####...####
#.l@#####.#.## ###.
.......##
#.####.......#### #.
.####### #.#
#..........# #. .# #.#
#.......##.# #. .# #.#
#..........# #. .# #.#
#[......#### #. ##
#.####..[....### #.
#..............# #.
###########.##.# #.


You could see an iguana and an orc.

Vanquished Creatures
  Blork the orc (D:4)
  A necrophage (D:4)
  Natasha (thrice) (D:2)
  An orc wizard (D:5)
  7 adders
  7 gnolls
  An ufetubus (D:4)
  2 worms
  3 dart slugs
  9 orcs
  4 endoplasms
  8 giant cockroaches
  7 goblins
  6 hobgoblins
  A jackal (D:3)
  A kobold (D:1)
  3 quokkas
  6 ball pythons
  A bat (D:1)
  9 rats
81 creatures vanquished.

Notes
Turn   | Place    | Note
-------+----------+-------------------------------------------
     0 | D:1      | 112233 the Octopode Earth Elementalist began the quest for
                  | the Orb.
     0 | D:1      | Reached XP level 1. HP: 11/11 MP: 3/3
   223 | D:3      | Reached XP level 2. HP: 17/17 MP: 3/5
   566 | D:2      | Reached XP level 3. HP: 21/21 MP: 3/6
   574 | D:2      | Reached skill level 4 in Earth Magic
   825 | D:2      | Reached XP level 4. HP: 17/27 MP: 3/8
  1566 | D:1      | Learned a level 3 spell: Stone Arrow
  1569 | D:1      | Learned a level 2 spell: Passwall
  1571 | D:1      | Learned a level 1 spell: Apportation
  1624 | D:2      | Noticed Natasha
  1628 | D:2      | Killed Natasha
  1940 | D:2      | Found Utogatuu's General Store.
  1966 | D:2      | Bought a scroll of fog for 40 gold pieces
  1977 | D:2      | Reached XP level 5. HP: 31/31 MP: 7/9
  2042 | D:2      | You fall into a shaft and drop 1 floor!
  2045 | D:2      | Noticed Natasha
  2048 | D:2      | Killed Natasha
  2086 | D:2      | Noticed Natasha
  2087 | D:2      | Killed Natasha
  2088 | D:2      | Reached skill level 5 in Earth Magic
  2990 | D:4      | Noticed Blork the orc
  2992 | D:4      | Killed Blork the orc
  2993 | D:4      | Reached XP level 6. HP: 36/36 MP: 4/12
  3579 | D:4      | Learned a level 5 spell: Lee's Rapid Deconstruction
  3601 | D:4      | Reached skill level 6 in Earth Magic
  4124 | D:5      | Entered Level 5 of the Dungeon
  4132 | D:5      | Reached XP level 7. HP: 41/41 MP: 11/14
  4374 | D:4      | Slain by an orc

Illustrated notes

Levels and vault maps discovered:
D:1:      dreamdust_arrival_beginning_and_end, layout_basic,
          minmay_worlds_worst_comb
D:2:      layout_loops_cross, serial_shops, shop, minmay_misc_feat_square,
          uniq_natasha
D:3:      layout_basic, minmay_misc_feat_alley, chequers_serial_rivers_small_3,
          st_stairs_5
D:4:      layout_loops_ring, uniq_blork_the_orc
D:5:      layout_loops_ring, enter_ossuary_3

Skill      XL: |  1  2  3  4  5  6 |
---------------+-------------------+-----
Earth Magic    | 4 5 6 |  6.1
Spellcasting   | 3 4 |  4.6
Dodging        | |  2.0
Stealth        | |  2.6
Transmutations | |  1.0

Action                   |  1- 3 |  4- 6 |  7- 9 || total
-------------------------+-------+-------+-------++-------
Melee: War axe           |     9 |     8 |       ||    17
       Constrict         |     1 |     5 |       ||     6
       Tentacles         |     1 |     4 |       ||     5
       Staff             |       |    10 |       ||    10
 Cast: Sandblast         |    24 |    70 |    10 ||   104
       Stone Arrow       |       |     9 |       ||     9
 Stab: Sleeping          |     3 |     7 |       ||    10
Armor: Skin              |     2 |     2 |       ||     4
Dodge: Dodged            |    10 |    32 |    15 ||    57
